 Dungeon Crawl Stone Soup version 0.29-a0-477-g62b78b4225 (webtiles) character file.

Game seed: 7250161604843064944

2921 siradein the Grappler (level 9, -1/68 (83) HPs)
             Began as a Troll Fighter on May 25, 2022.
             Was a Believer of Hepliaklqana.
             Slain by a wight
             ... wielding a +4 trident
              (4 damage)
             ... on level 7 of the Dungeon.
             The game lasted 00:16:06 (6096 turns).

siradein the Grappler (Troll Fighter)               Turns: 6096, Time: 00:16:08

HP:   -1/68 (83)    AC:  9    Str: 30    XL:     9   Next: 50%
MP:   18/18         EV:  9    Int:  6    God:    Hepliaklqana [**....]
Gold: 398           SH:  7    Dex:  9    Spells: 8/8 levels left

rFire   . . .      SeeInvis +     - Unarmed
rCold   . . .      Faith    .   b - +0 kite shield
rNeg    . . .      Spirit   .   o - +0 robe of Cibuq {MP+9 Int+2}
rPois   .          Reflect  .   (helmet restricted)
rElec   .          Harm     .   n - +0 cloak
rCorr   .          Rampage  .   (gloves unavailable)
Will    .....                   (boots unavailable)
Stlth   +.........              w - amulet of regeneration
HPRegen 1.81/turn               C - ring of see invisible
MPRegen 0.16/turn               x - +4 ring of protection

@: studying Short Blades, heavily drained
A: reduced essence, large, unfitting armour, claws 3, regeneration 1, shaggy fur
1, tough skin 1
a: Renounce Religion, Recall Ancestor, Ancestor Identity


You were on level 7 of the Dungeon.
You worshipped Hepliaklqana.
Hepliaklqana was pleased with you.
You visited 1 branch of the dungeon, and saw 7 of its levels.
You also visited: Sewer.

You collected 398 gold pieces.

Inventory:

Missiles
 a - 189 stones (quivered)
 y - 5 javelins
Armour
 b - a +0 kite shield (worn)
 n - a +0 cloak (worn)
 o - the +0 robe of Cibuq (worn) {MP+9 Int+2}
   (You found it on level 3 of the Dungeon)

   Int:       It affects your intelligence (+2).
   MP:        It affects your magic capacity (+9).
Jewellery
 j - a ring of poison resistance
 p - a ring of protection from fire
 w - an amulet of regeneration (around neck)
 x - a +4 ring of protection (right claw)
 A - a ring of protection from cold
 C - a ring of see invisible (left claw)
Wands
 B - a wand of paralysis (6)
Scrolls
 f - 7 scrolls of teleportation
 i - 3 scrolls of blinking {unknown}
 k - 3 scrolls of amnesia {unknown}
 l - a scroll of enchant weapon {unknown}
 m - 2 scrolls of immolation {unknown}
 r - a scroll of acquirement {unknown}
 s - a scroll of poison {unknown}
 u - 3 scrolls of torment {unknown}
 v - 2 scrolls of fog {unknown}
 z - 3 scrolls of summoning {unknown}
Potions
 c - 2 potions of might
 d - a potion of flight {unknown}
 e - a potion of attraction {unknown}
 g - 5 potions of curing
 h - 6 potions of heal wounds
 q - a potion of brilliance {unknown}
 t - 2 potions of degeneration {unknown}


   Skills:
 + Level 7.6 Fighting
 + Level 3.5 Dodging
 + Level 3.9 Shields
 + Level 8.8 Unarmed Combat
 + Level 2.4 Invocations


You had 8 spell levels left.
You didn't know any spells.
Your spell library contained the following spells:

 Spells                   Type           Power      Damage    Failure   Level
 Apportation              Tloc           0%         N/A       75%         1
 Necrotize                Necr           0%         1d4       75%         1
 Summon Small Mammal      Summ           0%         N/A       75%         1
 Alistair's Intoxication  Tmut/Pois      0%         N/A       100%        5


Dungeon Overview and Level Annotations

Branches:
Dungeon (7/15)              Sewer (visited)
 Temple: D:4-7

Altars:
Dithmenos
Gozag
Hepliaklqana
Nemelex Xobeh
Ru

Shops:
D:7 *


Innate Abilities, Weirdness & Mutations

Your life essence is reduced to manifest your ancestor. (-10% HP)
You are too large for most types of armour.
You have claws for hands.
Your natural rate of healing is unusually fast.
You are covered in fur. (AC +1)
You have tough skin. (AC +1)


Message History

Fuq Yu hits the wight with a +0 dagger of draining.
The wight hits Fuq Yu with a +4 trident!
The wight hits Fuq Yu with a +0 halberd.
Fuq Yu is destroyed!
You see here a water moccasin skeleton.
The wight barely misses you.
You scratch the wight.
The wight is lightly damaged.
The wight barely misses you.
You closely miss the wight.
The wight is lightly damaged.
The wight is no longer moving slowly.
You block the wight's attack. The wight closely misses you.
You scratch the wight.
The wight is moderately damaged.
You block the wight's attack. The wight closely misses you.
You block the wight's attack.
You barely miss the wight.
The wight is moderately damaged.
You block the wight's attack. The wight barely misses you.
The wight hits you from afar with a +4 trident!
You claw the wight!
The wight is severely damaged.
You block the wight's attack. The wight hits you with a +3 scimitar!
The wight hits you from afar with a +4 trident.
You closely miss the wight.
The wight is severely damaged.
You scratch the wight but do no damage.
The wight is severely damaged.
The wight hits you from afar with a +0 halberd.
You feel drained.
The wight hits you from afar with a +4 trident!
You feel drained. The wight hits you with a +3 scimitar!
You feel drained.
* * * LOW HITPOINT WARNING * * *
The wight hits you from afar with a +0 halberd.
* * * LOW HITPOINT WARNING * * *
The wight hits you from afar with a +4 trident!
* * * LOW HITPOINT WARNING * * *
You feel drained.
You die...

......#######.##
...♣♣.........#
...♣♣.........##
......########.# .....##
#.## ....## ##.#
############# ..### #.##
##...)........ .##
##.###............. .#
#@##.............. .#
##z#...PPP...PPP.. ..
#zzz.P..P...P.PP. ..#
##...P.PP...PP♣P. ...
#...PPPP...PPPP. ...#
##.)............ ...#
##############÷..)...⌠......
.
.......zz..z.......)........
.
.........z......PPPP...PPPP.


You could see 4 wights.

Vanquished Creatures
  Duvessa (D:4)
  A water moccasin (D:7)
  2 ice beasts
  A black bear (D:7)
  A centaur (D:6)
  3 phantoms
  A necrophage (D:5)
  6 bullfrogs
  7 wights
  Dowan (D:4)
  2 electric eels (D:7)
  3 hounds (D:5)
  A jelly (D:7)
  3 orc priests
  3 iguanas (D:5)
  Terence (D:3)
  4 orc wizards
  7 gnolls
  12 adders
  2 ufetubi
  2 worms
  3 dart slugs (D:2)
  22 orcs
  10 bats
  16 endoplasms
  13 giant cockroaches
  6 goblins
  5 hobgoblins
  3 jackals (D:4)
  9 quokkas
  12 ball pythons
  10 frilled lizards
  8 kobolds
  5 rats
186 creatures vanquished.

Vanquished Creatures (collateral kills)
  A water moccasin (D:7)
  An ogre (D:7)
  A centaur (D:7)
  A scorpion (D:7)
  A jelly (D:6)
  An orc priest (D:7)
  2 orc wizards (D:7)
  An adder (D:5)
  2 orcs (D:7)
  A ball python (D:5)
12 creatures vanquished.

Vanquished Creatures (others)
  2 hexers (D:7)
  2 ancestors
  14 plants
18 creatures vanquished.

Grand Total: 216 creatures vanquished

Notes
Turn   | Place    | Note
-------+----------+-------------------------------------------
     0 | D:1      | siradein the Troll Fighter began the quest for the Orb.
     0 | D:1      | Reached XP level 1. HP: 22/22 MP: 0/0
   168 | D:1      | Reached XP level 2. HP: 29/29 MP: 1/1
   557 | D:1      | Found a faded altar of an unknown god.
   792 | D:2      | Reached XP level 3. HP: 29/37 MP: 2/2
   863 | D:2      | Reached skill level 3 in Unarmed Combat
  1174 | D:2      | Reached XP level 4. HP: 45/45 MP: 3/3
  1653 | D:3      | Found a shadowy altar of Dithmenos.
  1669 | D:3      | Identified the +0 robe of Cibuq {MP+9 Int+2}
  1892 | D:3      | Reached XP level 5. HP: 54/54 MP: 4/4
  1953 | D:3      | Noticed Terence
  1962 | D:3      | Killed Terence
  1963 | D:3      | Reached skill level 4 in Unarmed Combat
  2506 | D:4      | Identified the +5 ring mail of Enguts {rC+}
  2509 | D:4      | Found a hazy altar of Hepliaklqana.
  2534 | D:4      | Became a worshipper of Hepliaklqana the Forgotten
  2593 | D:4      | Found a glowing drain.
  2609 | Sewer    | Entered a sewer
  2840 | Sewer    | Reached XP level 6. HP: 62/62 MP: 5/5
  2849 | Sewer    | Reached skill level 5 in Unarmed Combat
  2997 | D:4      | Found a sparkling altar of Nemelex Xobeh.
  3018 | D:4      | Noticed Duvessa
  3018 | D:4      | Noticed Dowan
  3041 | D:4      | Killed Duvessa
  3049 | D:4      | Reached skill level 5 in Fighting
  3049 | D:4      | Reached XP level 7. HP: 69/72 MP: 6/6
  3055 | D:4      | Killed Dowan
  3246 | D:4      | Reached skill level 6 in Unarmed Combat
  3648 | D:5      | Entered Level 5 of the Dungeon
  3856 | D:5      | Reached * piety under Hepliaklqana
  4051 | D:5      | Reached XP level 8. HP: 71/74 MP: 7/7
  4150 | D:5      | Found a sacrificial altar of Ru.
  4310 | D:5      | Found an opulent altar of Gozag.
  4369 | D:5      | Reached skill level 7 in Unarmed Combat
  4870 | D:6      | Reached skill level 8 in Unarmed Combat
  5447 | D:7      | Found Pamyisolu's Fire Supplies.
  5594 | D:7      | Reached XP level 9. HP: 83/83 MP: 8/8
  5604 | D:7      | Reached ** piety under Hepliaklqana
  5605 | D:7      | Remembered your ancestor Fuq Yu as a hexer
  5623 | D:7      | Reached skill level 1 in Invocations
  6096 | D:7      | HP: 3/71 [wight/+4 trident (10)]
  6096 | D:7      | Slain by a wight

Illustrated notes

Levels and vault maps discovered:
D:1:      tarquinn_simple_flora_water_c, layout_loops_ring,
          ebering_ecumenical_altar_hall, nrook_loot_triangle, minmay_unequal
D:2:      layout_loops_ring, serial_bayou_lake_a
D:3:      layout_loops_ring, grunt_dithmenos_smoke_and_mirrors,
          kennysheep_generic_room_16, uniq_terence
D:4:      layout_basic, nicolae_overflow_crystal_walls,
          nicolae_hepliaklqana_hazy_memory, cheibrodos_sewer_entry_sluice,
          uniq_duvessa
D:5:      layout_basic, nicolae_ru_great_annihilating_truth,
          mainiacjoe_overflow_surrounded_room, minmay_temple_entry_from_below_b,
          hex_medium, minmay_misc_feat_iff, kennysheep_decorative_pillar,
          minmay_manual_monolith
D:6:      layout_basic
D:7:      layout_cave_pods, serial_park, serial_park_square1
          [serial_park_minivault_5x5_4], serial_park_fountain,
          serial_park_square2, serial_park_tiny_1, serial_park_tiny_1,
          st_stairs_2, grunt_decor_cap, nrook_mini_backslash,
          nicolae_shop_fire_sale [nicolae_sub_dead_trees], bh_walls_and_bars

Skill      XL: |  1  2  3  4  5  6  7  8  9 |
---------------+----------------------------+-----
Fighting       | 3 4 5 6 7 |  7.6
Unarmed Combat | 3 4 5 6 8 |  8.8
Shields        | 3 |  3.9
Invocations    | 2 |  2.4
Dodging        | 3 |  3.5

Action                   |  1- 3 |  4- 6 |  7- 9 || total
-------------------------+-------+-------+-------++-------
Melee: Unarmed           |    97 |   226 |   273 ||   596
Invok: Ancestor Identity |       |       |     1 ||     1
       Ancestor Life: He |       |       |     1 ||     1
  Use: Scroll            |       |     3 |     1 ||     4
 Stab: Invisible         |       |       |     1 ||     1
       Confused          |       |       |     2 ||     2
Armor: Robe              |    32 |    68 |    56 ||   156
Dodge: Dodged            |    33 |    75 |    77 ||   185
Block: Kite shield       |    33 |    83 |    94 ||   210

Table legend: (Time is in decaauts)
 A = Elapsed time spent in this place.
 B = Non-inter-level travel time spent in this place.
 C = Inter-level travel time spent in this place.
 D = Time resting spent in this place.
 E = Time spent auto-exploring this place.
 F = Levels seen in this place.
 G = Mean time per level.
                   A        B        C        D        E       F      G
               +--------+--------+--------+--------+--------+-----+--------+
         Total |   6224 |   6082 |    142 |     53 |   4427 |   8 |  778.0 |
       Dungeon |   5842 |   5700 |    142 |     53 |   4277 |   7 |  834.6 |
         Sewer |    382 |    382 |      0 |      0 |    150 |   1 |  382.0 |
               +--------+--------+--------+--------+--------+-----+--------+

Top non-repeatable levels by time:
     D:3: 921 daAuts
     D:4: 915 daAuts
     D:5: 907 daAuts
     D:6: 889 daAuts
     D:2: 808 daAuts
     D:1: 749 daAuts
     D:7: 649 daAuts
   Sewer: 382 daAuts
